 Dungeon Crawl Stone Soup version 0.19.1 (webtiles) character file.

142 JeffiDaFish the Shield-Bearer (level 5, -2/36 HPs)
             Began as a Gargoyle Fighter on Dec 16, 2016.
             Was an Initiate of Makhleb.
             Slain by a shadow imp (4 damage)
             ... on level 7 of the Dungeon.
             The game lasted 00:07:33 (2254 turns).

JeffiDaFish the Shield-Bearer (Gargoyle Fighter)    Turns: 2254, Time: 00:07:33

Health: -2/36      AC: 14    Str: 19      XL:     5   Next: 24%
Magic:  5/5        EV:  7    Int:  8 (9)  God:    Makhleb [......]
Gold:   213        SH:  9    Dex: 10      Spells: 0 memorised, 4 levels left

rFire  . . .     SeeInvis .     a - +1 flail
rCold  . . .     Gourm    .     b - +0 scale mail
rNeg   + . .     Faith    .     c - +0 shield
rPois  ∞         Spirit   .     k - +0 helmet
rElec  +         Reflect  .     l - +1 cloak
rCorr  .         Harm     .     (no gloves)
MR     .....                    (no boots)
Stlth  ..........               (no amulet)
                                (no ring)
                                (no ring)

@: no status effects
A: deterioration 1, negative energy resistance 1, robust 1, electricity
resistance, unbreathing, petrification resistance, rot immunity, MP-powered
wands, AC +4
a: Renounce Religion


You were on level 7 of the Dungeon.
You worshipped Makhleb.
Makhleb was noncommittal.
You were near starving.

You visited 1 branch of the dungeon, and saw 6 of its levels.

You collected 213 gold pieces.

Inventory:

Hand Weapons
 a - a +1 flail (weapon)
Armour
 b - a +0 scale mail (worn)
 c - a +0 shield (worn)
 k - a +0 helmet (worn)
 l - a +1 cloak (worn)
Scrolls
 e - 5 scrolls of identify
 m - 5 scrolls of teleportation
 n - a scroll of fear
 o - a scroll of remove curse
Potions
 d - a potion of might
 j - 2 potions of curing
 p - 2 potions of resistance
Comestibles
 f - 5 bread rations
 h - 3 meat rations
 i - 2 slices of pizza
 q - 3 fruits


   Skills:
 + Level 3.7 Fighting
 + Level 3.5 Maces & Flails
 + Level 4.0 Armour
 + Level 0.2 Dodging
 + Level 4.4 Shields


You had 4 spell levels left.
You didn't know any spells.

Dungeon Overview and Level Annotations

Branches:
Dungeon (5/15)
 Temple: D:4-7

Altars:
Dithmenos
Elyvilon
Fedhas
Gozag
Kikubaaqudgha
Makhleb
Vehumet
Zin
The Shining One

Annotations:
D:5 2 runed doors


Innate Abilities, Weirdness & Mutations

You are resistant to torment.
Your stone body is resilient. (AC +4)
You are immune to poison.
You resist negative energy. (rN+)
You are resistant to electric shocks. (rElec)
You can survive without breathing.
You are immune to petrification.
You are immune to rotting.
Your body sometimes deteriorates upon taking damage.
You are robust. (+10% HP)
You expend magic power (3 MP) to strengthen your wands.


Message History

The hungry ghost is moderately damaged.
The shadow imp hits you but does no damage.
You block the hungry ghost's attack.
You miss the hungry ghost.
The hungry ghost is moderately damaged.
The shadow imp hits you but does no damage.
The hungry ghost barely misses you. The shadow imp gestures at you.
Pain shoots through your body!
* * * LOW HITPOINT WARNING * * *
You block the hungry ghost's attack.
You closely miss the shadow imp. The shadow imp hits you.
* * * LOW HITPOINT WARNING * * *
The hungry ghost barely misses you.
You start eating one of the 4 fruits.
You block the shadow imp's attack. The hungry ghost hits you.
You feel slightly more hungry.
You are near starving!
That lime was rather sour... but delicious nonetheless!
You closely miss the shadow imp. The shadow imp hits you.
You die...

## ## #
######<##.#.##.#
)..............#
#####W@.....#.#
#....5!.....#
#........##...#
###.##...# ###
... ....( #.#
.....# ...
....... ##
......#.


You could see a hungry ghost and a shadow imp.

Vanquished Creatures
  Crazy Yiuf (D:2)
  Robin (D:2)
  An adder (D:2)
  An ooze (D:1)
  3 worms
  2 dart slugs
  2 orcs
  6 giant cockroaches
  14 goblins
  9 hobgoblins
  5 jackals (D:2)
  5 kobolds
  A quokka (D:2)
  A ball python (D:3)
  7 bats
  7 frilled lizards
  A leopard gecko zombie (D:5)
  5 rats
72 creatures vanquished.

Notes
Turn   | Place    | Note
-------+----------+-------------------------------------------
     0 | D:1      | JeffiDaFish the Gargoyle Fighter began the quest for the Orb.
     0 | D:1      | Reached XP level 1. HP: 14/14 MP: 1/1
   118 | D:1      | Reached XP level 2. HP: 17/19 MP: 2/2
   358 | D:1      | Reached XP level 3. HP: 23/23 MP: 3/3
   616 | D:2      | Noticed Robin
   659 | D:2      | Killed Robin
   659 | D:2      | Reached XP level 4. HP: 21/28 MP: 4/4
   715 | D:2      | Gained mutation: Your body sometimes deteriorates upon taking damage. [potion of mutation]
   715 | D:2      | Gained mutation: You are robust. (+10% HP) [potion of mutation]
   715 | D:2      | Gained mutation: You expend magic power (3 MP) to strengthen your wands. [potion of mutation]
   991 | D:2      | Found a glowing silver altar of Zin.
   991 | D:2      | Found a white marble altar of Elyvilon.
   991 | D:2      | Found a glowing golden altar of the Shining One.
  1038 | D:2      | Found a shadowy altar of Dithmenos.
  1497 | D:2      | Found a runed door.
  1501 | D:2      | Noticed Crazy Yiuf
  1508 | D:2      | Killed Crazy Yiuf
  1508 | D:2      | Reached XP level 5. HP: 36/36 MP: 5/5
  1634 | D:3      | Found a burning altar of Makhleb.
  1658 | D:3      | Became a worshipper of Makhleb the Destroyer
  1789 | D:3      | Found a blossoming altar of Fedhas.
  1789 | D:3      | Found an ancient bone altar of Kikubaaqudgha.
  1902 | D:3      | Found a radiant altar of Vehumet.
  2141 | D:5      | Entered Level 5 of the Dungeon
  2168 | D:5      | Found an opulent altar of Gozag.
  2202 | D:5      | Found a runed gate.
  2202 | D:5      | Noticed a soldier ant
  2202 | D:5      | Noticed a soldier ant
  2204 | D:5      | Found a runed door.
  2217 | D:5      | You fall through a shaft for 2 floors!
  2217 | D:7      | Noticed a hungry ghost
  2254 | D:7      | Slain by a shadow imp

Skill      XL: |  1  2  3  4  5 |
---------------+----------------+-----
Shields        | 4 |  4.4
Maces & Flails | 3 |  3.5
Armour         | 4 |  4.0
Fighting       | |  3.7
Dodging        | |  0.2

Action                   |  1- 3 |  4- 6 || total
-------------------------+-------+-------++-------
Melee: Flail             |   121 |   160 ||   281
  Use: Scroll            |     6 |     7 ||    13
       Potion            |     1 |     6 ||     7
  Eat: Chunk             |       |     8 ||     8
       Fruit             |       |     1 ||     1
Armor: Scale mail        |    95 |   107 ||   202
Dodge: Dodged            |    48 |    54 ||   102
Block: Shield            |    60 |    76 ||   136
